AoeStats
← HQFOX

Arabia

511536282Analyzed
1v1 RM · 11d ago on Oct 5, 2026· 34m 55s· 2 players
Game mode
Random Map
Map size
Tiny (2 player)
Population
200
Speed
Normal
Resources
Standard
Victory
Conquest
Starting age
Dark Age
Ending age
Imperial Age
RankedLock teamsTeams togetherTeam positionsShared explorationLock speedFull tech treeHidden civsTurbo modeCheats
Victory
Defeat
🇵🇹 Persians · Portugal
682
+17
vs
🇮🇳 Japanese · India
701
-17
HQFOX
6:27 Loom
10:16 Feudal Age
11:25 Double-Bit Axe
12:50 Horse Collar
14:24 Forging
19:22 Fletching
23:32 Castle Age
24:10 Padded Archer Armor
24:09 Crossbowman
27:18 Wheelbarrow
26:29 Town Watch
28:28 Thumb Ring
30:19 Heavy Plow
32:00 Iron Casting
31:33 Scale Barding Armor
Simpleton3728
10:28 Feudal Age
8:45 Loom
11:19 Horse Collar
11:27 Double-Bit Axe
13:50 Man-at-Arms
16:51 Scale Mail Armor
18:29 Arson
18:35 Arson
24:11 Forging
27:03 Castle Age
25:36 Fletching
25:46 Padded Archer Armor
28:47 Gambesons
29:02 Gambesons
29:18 Squires
Connection lost

Rejoining the realm…

Still unreachable

The connection could not be restored.

Session expired

The server has moved on; the page needs a fresh start.